[Event "*** Titled Tuesday Blitz"]
[Site "Chess.com"]
[Date "2020.04.14"]
[Round "3"]
[White "SantoBlue"]
[Black "DanielDardha2005"]
[Result "1/2-1/2"]
[WhiteElo "2794"]
[BlackElo "2563"]
[TimeControl "180+1"]
[EndTime "10:30:36 PDT"]
[Termination "Game drawn - insufficient material"]

1. e4 c5 2. Nf3 Nc6 3. Nc3 Nf6 4.
Bb5 g6 5. O-O Bg7 6. e5 Ng4 7.
Bxc6 dxc6 8. Re1 O-O 9. h3 Nh6 10. d3 Nf5 11. Ne4 b6 12. a4 a5 13. Bf4 Nd4 14.
Nxd4 cxd4 15. Qd2 Re8 16. Ng5 Qd5 17. Kh2 c5 18. Nf3 Bb7 19. Bh6 Bh8 20. Qf4 f6 21. exf6 exf6 22. h4 Qc6 23. b3 Bg7 24. Bxg7 Kxg7 25.
Qg3 h5 26. Nd2 Ba6 27. Ne4 Rad8 28. Nd2 Kf7 29. Re4 Rxe4 30. Nxe4 Kg7 31. f3 Re8 32.
Kg1 Bb7 33. Kf1 Re5 34. Re1 Qe6 35. f4 Qf5 36. Qf2 Re6 37. Ng3 Rxe1+ 38. Kxe1 Qg4 39. Kd2 Kf7 40. f5 g5 41. hxg5 fxg5 42. Qe1 Qf4+ 43. Kd1 Bd5 44. Nxh5 Qxf5 45. Qe2 Kg6 46. Kc1 g4 47.
Ng3 Qf4+ 48. Kb2 Qxg3 49. Qe8+ Bf7 50. Qc6+ Kg7 51. Qxb6 Qxg2 52. Qxa5 Qd5 53. Qc7 Qf3 54. a5 g3 55. Qe5+ Kg6 56. Qd6+ Kf5 57. a6 g2 58.
Qh2 Qf2 59. a7 g1=Q 60. Qh7+ Kf4 61. Qxf7+ Ke3 62. Qxf2+ Qxf2 63. a8=Q Kd2 64. Qd8 Kd1 65. Ka3 Qxc2 66. Qd5 Qxd3 67. Qxc5 Qc3 68. Qh5+ Kc1 69.
Qh1+ Kc2 70. Qg2+ Qd2 71. Qc6+ Qc3 72. Qg2+ Qd2 73. Qg6+ Kc1 74. b4 d3 75. Qg1+ Qd1 76. Qg5+ d2 77. b5 Qc2 78. b6 Kb1 79. Qb5+ Ka1 80.
Qe5+ Kb1 81. b7 Qd3+ 82. Ka4 Qc4+ 83. Ka5 Qa2+ 84. Kb6 Qb3+ 85. Ka7 d1=Q 86. Qf5+ Qdc2 87. Qxc2+ Kxc2 88. b8=Q Qxb8+ 89. Kxb8 1/2-1/2

[Event "*** Titled Tuesday Blitz"]
[Site "Chess.com"]
[Date "2020.04.14"]
[Round "3"]
[White "mrsavic77"]
[Black "IljaJoke"]
[Result "1-0"]
[WhiteElo "2769"]
[BlackElo "2520"]
[TimeControl "180+1"]
[EndTime "10:30:37 PDT"]
[Termination "mrsavic77 won by checkmate"]

1. e4 e5 2. Nf3 Nc6 3. Bc4 Bc5 4. d3 Nf6 5. O-O O-O 6. h3 a6 7.
Bb3 Ba7 8. Re1 d6 9. c3 Be6 10. Nbd2 Qd7 11. Nf1 h6 12. Be3 d5 13. Bxa7 Rxa7 14.
exd5 Bxd5 15. Nxe5 Nxe5 16. Rxe5 Raa8 17. d4 Rad8 18. Ng3 Qc6 19. Bxd5 Nxd5 20. Qf3 Qf6 21. Rf5 Qe6 22. Re5 Qf6 23. Qxf6 Nxf6 24. Rae1 Rd7 25.
Nf5 h5 26. Re7 Rfd8 27. g3 g6 28. Rxd7 Rxd7 29. Ne3 Kf8 30. Nc4 Rd5 31. Kf1 c5 32. Re5 cxd4 33. Rxd5 Nxd5 34. cxd4 Ke7 35. Ke2 b5 36. Ne5 Nb6 37. Kd3 Ke6 38. b3 g5 39.
a3 f6 40. Nc6 Kd5 41. Nb4+ Kd6 42. Nxa6 f5 43. Nb4 h4 44. gxh4 gxh4 45. Ke3 Nd7 46.
a4 bxa4 47. bxa4 Nb6 48. a5 Nc4+ 49. Kf4 Nxa5 50. Kxf5 Nb3 51. Ke4 Nd2+ 52. Kf4 Nb3 53. Ke3 Ke6 54. f3 Kf5 55. Nc6 Ke6 56. Nd8+ Kd5 57.
Kf4 Nxd4 58. Kg4 Ke5 59. Nf7+ Kf6 60. Ng5 Ne2 61. f4 Kg6 62. Nf3 Nc3 63. Nxh4+ Kf6 64. Nf3 Ne4 65. Nd4 Nf2+ 66. Kg3 Ne4+ 67. Kf3 Nd2+ 68.
Kg4 Ne4 69. h4 Nf2+ 70. Kf3 Nd3 71. Ne2 Kf5 72. Ng3+ Kf6 73. Ke3 Nc5 74. h5 Ne6 75. Kf3 Nd4+ 76. Kg4 Ne6 77. Ne4+ Kg7 78. f5 Nd4 79.
Ng5 Kh6 80. Nf7+ Kg7 81. Ne5 Kf6 82. Nd7+ Kg7 83. f6+ Kf7 84. h6 Kg8 85. Ne5 Ne6 86. Kf5 Nf8 87. Ng6 Nh7 88. Ne5 Kh8 89. Kg6 Nf8+ 90. Kf7 Nh7 91. Ng6# 1-0

[Event "*** Titled Tuesday Blitz"]
[Site "Chess.com"]
[Date "2020.04.14"]
[Round "3"]
[White "Y0ung_Capablanca"]
[Black "Yaacovn"]
[Result "1-0"]
[WhiteElo "2695"]
[BlackElo "2927"]
[TimeControl "180+1"]
[EndTime "10:30:39 PDT"]
[Termination "Y0ung_Capablanca won on time"]

1. e4 c6 2. d4 d5 3. exd5 cxd5 4. Bd3 Nf6 5. c3 Nc6 6. Bf4 Bg4 7. Qb3 Qd7 8. Nd2 e6 9. Ngf3 Bd6 10. Bxd6 Qxd6 11.
O-O O-O 12. Rae1 Nd7 13. Re3 Rab8 14. a3 b5 15. Qc2 g6 16. Ng5 a5 17. Rg3 Bf5 18.
Bxf5 exf5 19. b4 Rbc8 20. Qd3 Nf6 21. Qxb5 axb4 22. axb4 Qf4 23. Qd3 Nh5 24. Nh3 Qc7 25. Re3 Nf6 26. f3 Na7 27. Rc1 Rfe8 28. Rxe8+ Rxe8 29. Nb3 Nc8 30. Nc5 Nd6 31. Nf4 Qa7 32. Qa6 Qc7 33. Nfd3 Kg7 34. Ne5 Nc4 35. Nxc4 dxc4 36.
Qxc4 Qf4 37. Qf1 Nd5 38. Re1 Re3 39. Nd3 Qg5 40. c4 Nc3 41. f4 Qe7 42. Ne5 Rxe1 43. Qxe1 Qxb4 44. h3 f6 45. Nd7 Qxc4 46. Qe7+ Qf7 47. Qd6 Ne4 48. Qc6 Qe7 49. Nc5 Ng3 50.
Ne6+ Kf7 51. d5 Ne4 52. Qc4 Qd6 53. Qc7+ Qxc7 54. Nxc7 Ke7 55. Nb5 Nd6 56. Nc3 Nc4 57.
Kf2 Kd6 58. g4 fxg4 59. hxg4 Kc5 60. Ne4+ Kxd5 61. Nxf6+ Kd4 62. Nxh7 Ke4 63. Kg3 Kd5 64. Ng5 Nd6 65. Nf3 Ke4 66. Nd2+ Kd5 67. Kh4 Ke6 68. Kg5 Kf7 69. Nf3 Kg7 70. Ne5 Ne4+ 71. Kh4 Kf6 72. Nf3 Kg7 73. g5 Nd6 74. Ne5 Nf5+ 75.
Kg4 Ne3+ 76. Kf3 Nf5 77. Ng4 Nd4+ 78. Ke4 Nf5 79. Ke5 Ng3 80. Nf6 Nf1 81. Ne8+ Kf7 82. Nd6+ Ke7 83. Nc8+ Kf7 84. Nd6+ Ke7 85. Ne4 Ne3 86.
Ng3 Ng4+ 87. Ke4 Nh2 88. Ke3 Ng4+ 89. Kf3 Nh2+ 90. Ke2 Ng4 91. Ne4 Ke6 92. Kf3 Nh2+ 93. Kg2 Ng4 94. Kg3 Ne3 95. Kf3 Nc4 96. Nc5+ Kf5 97.
Ne4 Nd2+ 98. Nxd2 1-0

[Event "*** Titled Tuesday Blitz"]
[Site "Chess.com"]
[Date "2020.04.14"]
[Round "3"]
[White "Rish_97"]
[Black "ChessQueen"]
[Result "0-1"]
[WhiteElo "2596"]
[BlackElo "2805"]
[TimeControl "180+1"]
[EndTime "10:30:47 PDT"]
[Termination "ChessQueen won by resignation"]

1. e4 c5 2. Nf3 Nc6 3. Bb5 Nf6 4. Nc3 Nd4 5. O-O Nxb5 6. Nxb5 d6 7. e5 dxe5 8. Nxe5 a6 9. Nc3 g6 10. a4 Bg7 11. a5 O-O 12. Nc4 Qd4 13. d3 Bg4 14.
Qe1 Qd8 15. Nb6 Ra7 16. Be3 Qc7 17. f3 Be6 18. Nca4 c4 19. Nxc4 Raa8 20. Nab6 Rad8 21. Bf2 Nd5 22. Kh1 Rfe8 23. Bg3 Qc5 24. Bf2 Qc7 25.
Rd1 h5 26. c3 Nf4 27. Bg3 Bf5 28. d4 h4 29. Bxh4 Bd3 30. Ne5 Bxf1 31. Qxf1 Bxe5 32. dxe5 Qxe5 33. Re1 Qc5 34. Bg3 Nd3 35. Re2 e5 36. h3 Nf4 37. Re4 Qxa5 38. Nc4 Qb5 39. Qe1 Nd3 40. Qe2 Nc5 41. Rxe5 Rxe5 42. Qxe5 Qxc4 43. Qf6 Re8 44. Be5 Rxe5 45. Qxe5 b5 46. Qe8+ Kh7 47. Qe5 Ne6 48. Qf6 Kg8 49. Qe7 Qc6 50.
h4 Qc7 51. Qe8+ Kg7 52. Qa8 Qd6 53. Qe4 Qd1+ 54. Kh2 Qd6+ 55. g3 Qd2+ 56. Kh3 Qd6 57. h5 gxh5 58. Kh4 Qc5 59. f4 Qc4 60. Qe5+ Kf8 61.
Qh8+ Ke7 62. Qxh5 Qc5 63. Qh6 Qg1 64. Kg4 Qd1+ 65. Kf5 Qd3+ 66. Kg4 Qe2+ 67. Kh3 Qf1+ 68. Kg4 Qe2+ 69. Kh3 Qxb2 70. f5 Qxc3 71. fxe6 fxe6 72. Qh7+ Kd6 73. Qe4 Qe5 74. Qb4+ Qc5 75. Qf4+ Qe5 76. Qb4+ Kc6 77. Qe7 Qf5+ 78. Kg2 Qe4+ 79. Kh3 a5 80. Qe8+ Kc5 81. Qc8+ Kb4 82. Qf8+ Ka4 83. Qd6 Qf5+ 84. g4 Qd5 85. Qf4+ b4 86. g5 Ka3 87. g6 Qd3+ 88.
Qg3 Qxg3+ 89. Kxg3 b3 90. g7 b2 91. g8=Q b1=Q 92.
Qxe6 Qb3+ 0-1

[Event "*** Titled Tuesday Blitz"]
[Site "Chess.com"]
[Date "2020.04.14"]
[Round "3"]
[White "dennisodessa"]
[Black "NewBornNow"]
[Result "0-1"]
[WhiteElo "2327"]
[BlackElo "2658"]
[TimeControl "180+1"]
[EndTime "10:30:51 PDT"]
[Termination "NewBornNow won on time"]

1. d4 Nf6 2. c4 Nc6 3. Nc3 e5 4. d5 Ne7 5. e4 Ng6 6. g3 Bb4 7. Bg2 Bxc3+ 8. bxc3 d6 9. h4 h6 10. Ne2 O-O 11. f3 Nd7 12. h5 Ne7 13. g4 f6 14. Ng3 a5 15. Be3 b6 16. Bf1 Ba6 17.
Be2 Rc8 18. Kf2 c6 19. Qb3 cxd5 20. cxd5 Bxe2 21. Nxe2 Qc7 22. Rab1 Rb8 23. Qb5 Rfc8 24. Rb2 Nc5 25. Rhb1 Qd8 26. Nc1 Rc7 27. Nd3 Nd7 28. c4 Qc8 29. Rc2 Rbb7 30. a4 Qb8 31. Rbc1 Nc8 32.
Rb1 Na7 33. Qb3 Qc8 34. Ke2 Rb8 35. Rbc1 Qa6 36. Rc3 Rbc8 37. Nb2 Nc5 38. Bxc5 Rxc5 39. Nd3 R5c7 40. Ke3 Rb7 41. Ke2 Rbb8 42. Ke3 Qb7 43. Nb2 Qf7 44. Nd3 Rb7 45. Rh1 Rcb8 46. Nb2 Nc8 47.
Nd3 Ne7 48. Nf2 g6 49. hxg6 Qxg6 50. Nd3 Qg5+ 51. Ke2 Ng6 52. Qb2 Rh7 53. Qc1 Nh4 54. Qxg5+ fxg5 55. Rcc1 Rf7 56. Rh3 Kg7 57. Nb2 Ng6 58.
Nd3 Nh4 59. Rf1 Rbf8 60. Rg3 Kg6 61. Rh3 h5 62. gxh5+ Kxh5 63. Ne1 g4 64. fxg4+ Kxg4 65. Rxf7 Rxf7 66. Rh2 Kg3 67. Rh1 Rf2+ 68. Ke3 Ra2 69.
Rg1+ Kh3 70. Rg7 Ra3+ 71. Nd3 Ng2+ 72. Kf2 Rxd3 73. Rh7+ Kg4 0-1

[Event "*** Titled Tuesday Blitz"]
[Site "Chess.com"]
[Date "2020.04.14"]
[Round "3"]
[White "IMDT02"]
[Black "Gareth-Bale11"]
[Result "0-1"]
[WhiteElo "2480"]
[BlackElo "2809"]
[TimeControl "180+1"]
[EndTime "10:31:04 PDT"]
[Termination "Gareth-Bale11 won by resignation"]

1. Nf3 d5 2. e3 Nf6 3. d4 c5 4. Bd3 Nc6 5. b3 Bg4 6. Be2 e6 7. h3 Bh5 8. Bb2 cxd4 9. exd4 Bb4+ 10. c3 Bd6 11. Nbd2 Rc8 12. O-O O-O 13. Ne5 Bg6 14.
Nxg6 hxg6 15. Bf3 b5 16. b4 a5 17. a3 e5 18. Nb3 Re8 19. dxe5 Bxe5 20. Qd2 Qc7 21.
Nc5 Rcd8 22. Rfe1 d4 23. cxd4 Nxd4 24. Bxd4 Rxd4 25. Qa2 Red8 26. Nb3 Rc4 27. Rac1 axb4 28. axb4 g5 29. Be2 Rxc1 30. Rxc1 Qd6 31. Nc5 Qb8 32. Bf3 g6 33. Qc2 Kg7 34. Rd1 Rxd1+ 35. Qxd1 Qa7 36. g3 Qa3 37. Kg2 Qxb4 38. Nd3 Qd4 39. Qe2 Bd6 40.
Nc1 b4 41. Nb3 Qc3 42. Qd1 Be5 43. g4 Nd7 44. Bd5 Nf8 45. Qf3 Qc7 46. Qe4 Bf6 47.
Qc4 Qe7 48. Nc5 Bc3 49. Ne4 Nd7 50. Nxc3 bxc3 51. Qxc3+ Nf6 52. Bf3 Qd6 53. Qe3 Nh7 54. Qc3+ Kg8 55. Qe3 Qf6 56. Qe8+ Nf8 57. Qe3 Ne6 58. Be4 Nf4+ 59. Kg3 Qe5 60. Kf3 Nxh3 61. Bd3 Qf6+ 62. Kg3 Nf4 63. Be4 Kg7 64. Bf3 Qd6 65.
Qc3+ Kg8 66. Qc8+ Kh7 67. Be4 Nd3+ 68. Kg2 Nf4+ 69. Kg3 Ne6+ 70. Kg2 Qf4 71. Bf3 Nd4 72. Qb7 Kg7 73. Qe4 Nxf3 74. Qxf3 Qxf3+ 75. Kxf3 f5 76. Kg3 Kf6 77. Kf3 Ke5 78. Kg3 Ke4 79. f3+ Ke3 80. Kg2 Ke2 0-1

[Event "*** Titled Tuesday Blitz"]
[Site "Chess.com"]
[Date "2020.04.14"]
[Round "3"]
[White "Chess_Boxer123"]
[Black "20ofJuly"]
[Result "0-1"]
[WhiteElo "2475"]
[BlackElo "2228"]
[TimeControl "180+1"]
[EndTime "10:31:25 PDT"]
[Termination "20ofJuly won by checkmate"]

1. b3 e5 2. Bb2 Nc6 3. e3 Nf6 4. Bb5 d6 5. Ne2 a6 6. Bxc6+ bxc6 7. O-O Be7 8. d4 e4 9. c4 d5 10. cxd5 cxd5 11. h3 O-O 12. Ba3 a5 13. Qc1 Nh5 14. Nd2 Bxa3 15. Qxa3 Qg5 16. Kh2 Ra6 17. Rg1 Rf6 18.
Raf1 Ba6 19. Nc3 Bxf1 20. Rxf1 Rxf2 21. Rxf2 Qg3+ 22. Kg1 Qxe3 23. Nxd5 Qxd4 24. Ne7+ Kh8 25.
Ng6+ hxg6 26. Qxf8+ Kh7 27. Nxe4 Qxe4 28. Qxf7 Qb1+ 29. Rf1 Qxa2 30. b4 Qd2 31. bxa5 Qxa5 32. Qf2 Qe5 33. Re1 Qd6 34. Re4 Qd1+ 35. Qe1 Qd5 36.
Rh4 Kg8 37. Qe8+ Kh7 38. Qe3 Kg8 39. Rd4 Qa2 40. Qc3 Qb1+ 41. Kh2 Qb6 42. Qc4+ Kh7 43. Rd8 c5 44. Rd5 Qb8+ 45. Kg1 Qb1+ 46. Kf2 Qb2+ 47. Kf3 Qa3+ 48. Rd3 Qa5 49. Rc3 Qa7 50. Qxc5 Qa8+ 51.
Qc6 Qf8+ 52. Ke3 Qf4+ 53. Kd3 Qg3+ 54. Kc2 Qf2+ 55. Kb3 Nf4 56. Qf3 Qb6+ 57. Kc2 Nh5 58. g4 Nf6 59. Qd3 Qf2+ 60. Kb3 Qe1 61. Rc2 Qb1+ 62. Kc3 Qa1+ 63. Kd2 Qa5+ 64. Qc3 Qd5+ 65.
Kc1 Qh1+ 66. Kb2 Qb7+ 67. Ka1 Qa8+ 68. Ra2 Qh1+ 69. Kb2 Qb7+ 70. Kc1 Qh1+ 71. Kb2 Ne4 72. Qc2 Nd6 73. Ra3 Qb7+ 74. Rb3 Qd5 75. Qd3 Qg2+ 76. Ka3 Qa8+ 77. Kb2 Qg2+ 78. Kc3 Ne4+ 79. Kd4 Nf2 80. Qf3 Qg1 81. Rb7 Nxg4+ 82. Kc4 Nf6 83. Qc6 Qc1+ 84. Kb5 Qb2+ 85. Ka6 Qa3+ 86. Kb6 Qb3+ 87. Ka7 Qxh3 88. Qc7 Qh6 89. Qd8 Qe3+ 90. Ka8 Qa3+ 91. Kb8 Qg3+ 92. Rc7 g5 93. Qxf6 Qxc7+ 94. Kxc7 gxf6 95. Kd6 Kg6 96. Kd5 f5 97. Ke5 f4 98. Ke4 Kf6 99. Kf3 Kf5 100.
Kf2 g4 101. Kg2 g3 102. Kf3 Kg5 103. Kg2 Kg4 104. Kg1 f3 105. Kf1 f2 106. Kg2 Kf4 107. Kf1 Ke3 108. Kg2 Ke2 109. Kxg3 f1=Q 110. Kh2 Qf2+ 111. Kh1 Qf4 112. Kg2 Qf3+ 113. Kh2 Qg4 114. Kh1 Kf2 115. Kh2 Qg2# 0-1

[Event "*** Titled Tuesday Blitz"]
[Site "Chess.com"]
[Date "2020.04.14"]
[Round "3"]
[White "Aemulus20"]
[Black "davigator"]
[Result "1-0"]
[WhiteElo "2582"]
[BlackElo "2361"]
[TimeControl "180+1"]
[EndTime "10:31:34 PDT"]
[Termination "Aemulus20 won on time"]

1. e4 c5 2. Nf3 Nc6 3. d4 cxd4 4. Nxd4 Nf6 5. Nc3 d6 6. Bg5 a6 7. Qd2 e6 8. f4 Bd7 9. Nf3 Qc7 10. O-O-O h6 11. Bh4 O-O-O 12. Bd3 Be7 13. h3 Rhe8 14. g4 Kb8 15. Bf2 Bc8 16. Be3 Ka8 17. Qf2 Nd7 18. Na4 Qb8 19. Nb6+ Nxb6 20. Bxb6 Rd7 21. Nd2 Bd8 22. Nc4 Be7 23. Ba5 b5 24. Nb6+ Kb7 25.
Nxd7 Bxd7 26. Qb6+ Kc8 27. Qxa6+ Qb7 28. Bxb5 Nxa5 29.
Bxd7+ Kxd7 30. Qxa5 Rb8 31. Qa4+ Kd8 32. b3 g5 33.
fxg5 Bxg5+ 34. Kb1 Be7 35. e5 d5 36. Rhf1 Ra8 37. Qd4 Ke8 38. Rf2 Qa6 39. c3 Ra7 40. Rdf1 Bf8 41. Qa4+ Qxa4 42. bxa4 Bc5 43. Rf6 Bf8 44. h4 Bg7 45. R6f3 Bxe5 46. g5 hxg5 47. hxg5 Rc7 48. g6 f5 49. Re1 Bxc3 50. Rxe6+ Kf8 51.
Rxf5+ Kg7 52. Rf7+ Rxf7 53. gxf7 Kxf7 54. Rc6 Bb4 55. Kc2 Ke7 56. Kb3 Be1 57. Rc2 Kd6 58.
Re2 Ba5 59. Re8 Kc5 60. Rb8 Kc6 61. Rb5 Bc7 62. Kc2 Be5 63. Kd3 Bf6 64. Rb3 Bd8 65. Rb8 Bb6 66. Kc3 Ba5+ 67. Kb3 Bb6 68. Rc8+ Kb7 69. Rc2 Ba5 70. Rc5 Bc7 71. Rxd5 Ka6 72. Kc4 Bg3 73. Rg5 Bf2 74. Rg6+ Ka5 75. Rf6 Be1 76.
Kb3 Bd2 77. Rf5+ Ka6 78. Kc4 Kb6 79. Rb5+ Ka6 80. Kd5 Be3 81. Kc6 Bf2 82. Rf5 Be3 83. a3 Bd4 84. Rf8 Ka7 85. a5 Bb2 86. a4 Bc3 87.
Kb5 Bd4 88. Rf7+ Ka8 89. Kc6 Bc3 90. Kb6 Bd4+ 91. Ka6 Kb8 92. Rd7 Be3 93. Rd8+ Kc7 94. Rd3 Bf2 95. Rb3 Kc8 96. Rb6 Kc7 97. Kb5 Be3 98.
Re6 Bf2 99. a6 Kb8 100. Re8+ Ka7 101. Rf8 Bg1 102. Rf7+ Ka8 103. Kc6 Be3 104. Rf3 Bg1 105. Rg3 Bf2 106. Rg7 Be3 107. Rf7 Bg1 108. Kb5 Be3 109. a7 Bxa7 110. Ka6 Bb8 111. a5 1-0

[Event "*** Titled Tuesday Blitz"]
[Site "Chess.com"]
[Date "2020.04.14"]
[Round "3"]
[White "vizumatv4hoda"]
[Black "lestri"]
[Result "1/2-1/2"]
[WhiteElo "2740"]
[BlackElo "2541"]
[TimeControl "180+1"]
[EndTime "10:32:10 PDT"]
[Termination "Game drawn by 50-move rule"]

1. e4 d6 2. d4 Nf6 3. Nc3 e5 4. dxe5 dxe5 5. Qxd8+ Kxd8 6. Bg5 c6 7. O-O-O+ Ke8 8.
f4 Nbd7 9. Nf3 Be7 10. h3 h6 11.
Bxf6 Bxf6 12. f5 h5 13. Be2 h4 14. Kb1 Ke7 15. Nh2 g6 16. fxg6 fxg6 17. Ng4 Bg5 18. Rhf1 Bf4 19. Bc4 Nb6 20. Bb3 Bxg4 21. hxg4 h3 22. gxh3 Rxh3 23. Rh1 Rah8 24. Rxh3 Rxh3 25.
a4 a5 26. Ne2 Nd7 27. Rf1 g5 28. Rg1 Nc5 29. Nc3 Re3 30. Rh1 Rg3 31. Rh7+ Kd6 32.
Ka2 Rxg4 33. Nb1 Rh4 34. Rg7 Nxe4 35. Na3 Nd2 36. Rxb7 g4 37. Rg7 g3 38. Rg6+ Kc5 39.
Be6 Rh6 40. Rxh6 Bxh6 41. Bh3 e4 42. c3 e3 43. Nc2 e2 44. Ne1 Be3 45. b4+ Kb6 46.
bxa5+ Kxa5 47. Nd3 Bf2 48. Bg2 e1=N 49. Nxe1 Bxe1 50.
Bxc6 Kb6 51. Ba8 Nc4 52. Bh1 Kc5 53. Kb3 Na5+ 54. Kc2 Kc4 55. Kd1 Bxc3 56. Ke2 Be5 57. Kf3 Kb4 58. Ke4 Bc7 59. Kf3 Kxa4 60. Ke4 Kb3 61.
Kf3 Kc2 62. Ke2 Kc3 63. Ba8 Nb3 64. Ke3 Bb6+ 65. Kf3 Bf2 66. Ke2 Nd4+ 67. Kf1 Kd3 68. Kg2 Ke3 69. Bb7 Kf4 70. Ba8 Nf5 71. Kh3 Bb6 72. Bc6 Nd4 73. Bb7 Nf3 74. Kg2 Ng5 75.
Kf1 Bc7 76. Kg2 Kg4 77. Bc8+ Kh4 78. Bb7 Ne6 79. Ba8 Nf4+ 80. Kg1 Kh3 81. Bc6 Ne2+ 82. Kf1 Nd4 83. Bg2+ Kh2 84. Bd5 Nf5 85. Bb7 Bb6 86.
Ba8 Ne3+ 87. Ke2 Ng4 88. Bb7 Ne5 89. Kf1 Ng4 90. Ba8 Ne3+ 91. Ke2 g2 92. Bxg2 Nxg2 93. Kd3 Kg3 94. Ke4 Kg4 95. Ke5 Bc7+ 96. Ke4 Kg5 97. Kd5 Kf5 98. Kd4 Be5+ 99. Kd3 Nf4+ 100. Kc4 Ke4 101. Kc5 Ne6+ 102. Kc4 Bd4 103. Kb5 Kd5 104. Ka6 Kc6 105. Ka5 Kc5 106. Ka6 Kc6 107. Ka5 Bc5 108. Ka6 Nd4 109.
Ka5 Nb5 110. Ka6 Nc7+ 111. Ka5 Bd4 112. Ka4 Kc5 113. Kb3 Kd5 114. Kc2 Kc4 115. Kd2 Nd5 116. Ke2 Be3 117. Kf3 Kd4 118. Ke2 Ke4 119. Kf1 Kf3 120. Ke1 Nc3 121. Kf1 Bd2 122. Kg1 Ne4 123. Kh1 Kg3 124. Kg1 Ng5 125. Kf1 Kf3 126. Kg1 Nh3+ 127. Kf1 Nf4 128. Kg1 Bc3 129. Kh2 Nh5 130. Kg1 Be1 131. Kh2 Bg3+ 132. Kg1 Nf4 133. Kf1 Nd3 134. Kg1 Bf2+ 135. Kf1 Bg3 136. Kg1 Ne5 137. Kf1 Ng4 138. Kg1 Bf2+ 139. Kh1 Ne3 140. Kh2 Nf5 141. Kh3 Ne3 142. Kh2 Nf1+ 1/2-1/2

[Event "*** Titled Tuesday Blitz"]
[Site "Chess.com"]
[Date "2020.04.14"]
[Round "4"]
[White "Taron_Shagbazyan"]
[Black "1g41-0"]
[Result "0-1"]
[WhiteElo "2644"]
[BlackElo "2494"]
[TimeControl "180+1"]
[EndTime "10:34:17 PDT"]
[Termination "1g41-0 won by resignation"]

1. d4 d5 2. c4 c6 3. Nf3 Nf6 4. Nc3 e6 5. e3 Nbd7 6. Qc2 Bd6 7.
Bd3 O-O 8. cxd5 exd5 9. O-O Re8 10. a3 a5 11. Rb1 Qe7 12. Re1 Ne4 13. Bf1 Ndf6 14. Nxe4 Nxe4 15. Nd2 Bxh2+ 16. Kxh2 Qh4+ 17. Kg1 Qxf2+ 0-1

[Event "*** Titled Tuesday Blitz"]
[Site "Chess.com"]
[Date "2020.04.14"]
[Round "4"]
[White "Ar4uha"]
[Black "SanchezKelvin"]
[Result "1-0"]
[WhiteElo "2641"]
[BlackElo "2424"]
[TimeControl "180+1"]
[EndTime "10:34:20 PDT"]
[Termination "Ar4uha won by resignation"]

1. e4 c5 2. Nf3 d6 3. Bb5+ Nd7 4. d4 cxd4 5. Qxd4 e5 6. Qd3 a6 7. Bxd7+ Bxd7 8. Nc3 h6 9. O-O Be6 10. Rd1 Nf6 11.
Nd2 Qc7 12. Nf1 Be7 13. Ne3 Rc8 1-0

[Event "*** Titled Tuesday Blitz"]
[Site "Chess.com"]
[Date "2020.04.14"]
[Round "4"]
[White "juniortay"]
[Black "Mbneu"]
[Result "1-0"]
[WhiteElo "2462"]
[BlackElo "2215"]
[TimeControl "180+1"]
[EndTime "10:34:22 PDT"]
[Termination "juniortay won by resignation"]

1. e4 c5 2. Nf3 Nf6 3. d3 d5 4. Nbd2 Nc6 5. g3 Bg4 6. Bg2 e6 7. O-O Be7 8. c3 O-O 9. Qe2 dxe4 10. dxe4 Nd7 11. h3 Bh5 12. a4 Nde5 13. g4 Bg6 14.
Nxe5 Nxe5 15. f4 Nc6 16. f5 1-0

[Event "*** Titled Tuesday Blitz"]
[Site "Chess.com"]
[Date "2020.04.14"]
[Round "4"]
[White "yudinetz"]
[Black "lifeissofun"]
[Result "1-0"]
[WhiteElo "2428"]
[BlackElo "2223"]
[TimeControl "180+1"]
[EndTime "10:34:28 PDT"]
[Termination "yudinetz won by resignation"]

1. e4 c5 2. Nf3 d6 3. d4 cxd4 4. Nxd4 Nf6 5. Nc3 a6 6. h3 e5 7. Nde2 Be6 8. g4 Be7 9. Ng3 b5 10. Bg2 O-O 11. O-O Nbd7 12. g5 Ne8 13. h4 Rc8 14.
Nf5 Bxf5 15. exf5 f6 16. g6 hxg6 17. Bd5+ 1-0

[Event "*** Titled Tuesday Blitz"]
[Site "Chess.com"]
[Date "2020.04.14"]
[Round "4"]
[White "econpower"]
[Black "mbachez"]
[Result "0-1"]
[WhiteElo "2646"]
[BlackElo "2505"]
[TimeControl "180+1"]
[EndTime "10:34:45 PDT"]
[Termination "mbachez won by resignation"]

1. c4 e5 2. g3 Nf6 3. Bg2 Bc5 4. Nc3 O-O 5. e3 Re8 6. Nge2 d6 7. d3 c6 8. O-O Bb6 9. h3 Nbd7 10. Kh2 Nf8 11.
Rb1 d5 12. cxd5 cxd5 13. d4 e4 14. b4 Bc7 15. Qb3 Ng6 16. Kg1 h5 17. Nf4 Nxf4 18. gxf4 Bf5 0-1

[Event "*** Titled Tuesday Blitz"]
[Site "Chess.com"]
[Date "2020.04.14"]
[Round "4"]
[White "ketster"]
[Black "Winehouse83"]
[Result "1-0"]
[WhiteElo "2279"]
[BlackElo "2432"]
[TimeControl "180+1"]
[EndTime "10:34:46 PDT"]
[Termination "ketster won by resignation"]

1. d4 Nf6 2. c4 e6 3. g3 Bb4+ 4. Bd2 Qe7 5. Bg2 O-O 6. a3 Bxd2+ 7. Nxd2 Nc6 8. Ngf3 a5 9. b3 d6 10. O-O e5 11. d5 Nb8 12. e4 1-0

[Event "*** Titled Tuesday Blitz"]
[Site "Chess.com"]
[Date "2020.04.14"]
[Round "4"]
[White "elohunter1999"]
[Black "hedgehog280"]
[Result "0-1"]
[WhiteElo "2471"]
[BlackElo "2659"]
[TimeControl "180+1"]
[EndTime "10:35:07 PDT"]
[Termination "hedgehog280 won by resignation"]

1. e4 c5 2. Nf3 g6 3. d4 cxd4 4. Nxd4 Bg7 5. Nc3 Nc6 6. Be3 Nf6 7. Bc4 O-O 8. Bb3 d5 9. exd5 Na5 10. Nde2 a6 11.
d6 exd6 12. h3 b5 13. O-O Bb7 14. Nf4 d5 15. Ncxd5 Nxd5 16. Nxd5 Nxb3 17. Nb6 Nxa1 0-1

[Event "*** Titled Tuesday Blitz"]
[Site "Chess.com"]
[Date "2020.04.14"]
[Round "4"]
[White "Riptide27"]
[Black "RaunakSadhwani2005"]
[Result "1-0"]
[WhiteElo "2486"]
[BlackElo "2801"]
[TimeControl "180+1"]
[EndTime "10:35:19 PDT"]
[Termination "Riptide27 won by resignation"]

1. d4 Nf6 2. c4 Nc6 3. Nf3 e6 4. a3 d6 5. Nc3 g6 6. g3 Bg7 7.
Bg2 O-O 8. O-O e5 9. h3 exd4 10. Nxd4 Bd7 11. Be3 Re8 12. Qd2 Qc8 13. Kh2 Ne5 14.
b3 a5 15. a4 c6 16. Rad1 Qc7 17. Bg5 h6 18. Bxf6 Bxf6 19. f4 Bg7 20. fxe5 dxe5 21. Ndb5 cxb5 22. Qxd7 Qc5 23. Qxf7+ Kh7 24. Be4 1-0

[Event "*** Titled Tuesday Blitz"]
[Site "Chess.com"]
[Date "2020.04.14"]
[Round "4"]
[White "Artur0208"]
[Black "Vusatiuk_Vladimir"]
[Result "1-0"]
[WhiteElo "2751"]
[BlackElo "2370"]
[TimeControl "180+1"]
[EndTime "10:35:20 PDT"]
[Termination "Artur0208 won by resignation"]

1. d4 d5 2. c4 e6 3. Nc3 Be7 4. cxd5 exd5 5. Bf4 c6 6. e3 Bf5 7. g4 Bg6 8. h4 Bxh4 9. Qb3 b6 10. Nf3 Be7 11.
Ne5 Nf6 12. f3 h5 13. Nxg6 fxg6 14. Bd3 Kf7 15. Qc2 h4 16. Bxg6+ Kf8 17. g5 c5 18.
gxf6 Bxf6 19. Qf5 cxd4 20. Nxd5 Nc6 21. Qe6 1-0

[Event "*** Titled Tuesday Blitz"]
[Site "Chess.com"]
[Date "2020.04.14"]
[Round "4"]
[White "Funkmaus"]
[Black "ridnani2021"]
[Result "1-0"]
[WhiteElo "2183"]
[BlackElo "1708"]
[TimeControl "180+1"]
[EndTime "10:35:22 PDT"]
[Termination "Funkmaus won by resignation"]

1. d4 Nf6 2. Nf3 d6 3. c3 g6 4. g3 Bg7 5. Bg2 O-O 6. O-O Nbd7 7. Nbd2 c5 8. e3 Rb8 9. a4 b6 10. b3 Bb7 11. Bb2 Qc7 12. Rc1 e5 13. dxe5 dxe5 14. Nc4 Rbd8 15. Qd6 Qxd6 16. Nxd6 Bc6 17. Rcd1 e4 18. Ng5 Ne5 19. c4 Nd3 20. Bxf6 Rxd6 21. Be7 f6 22. Bxd6 fxg5 23. Bxf8 Kxf8 24. Rxd3 exd3 1-0

[Event "*** Titled Tuesday Blitz"]
[Site "Chess.com"]
[Date "2020.04.14"]
[Round "4"]
[White "Gareth-Bale11"]
[Black "Szczor"]
[Result "1-0"]
[WhiteElo "2812"]
[BlackElo "2574"]
[TimeControl "180+1"]
[EndTime "10:35:25 PDT"]
[Termination "Gareth-Bale11 won by resignation"]

1. d4 Nf6 2. c4 e6 3. Nf3 d5 4.
Nc3 Bb4 5. Qa4+ Nc6 6. Bg5 O-O 7.
Rc1 dxc4 8. a3 Bxc3+ 9. bxc3 h6 10. Bh4 a6 11. Qxc4 Na5 12. Qd3 b5 13. e4 g5 14.
Nxg5 hxg5 15. Bxg5 Kg7 16. e5 1-0

[Event "*** Titled Tuesday Blitz"]
[Site "Chess.com"]
[Date "2020.04.14"]
[Round "4"]
[White "Klavdia_Nik"]
[Black "talaicito"]
[Result "1-0"]
[WhiteElo "2143"]
[BlackElo "2294"]
[TimeControl "180+1"]
[EndTime "10:35:28 PDT"]
[Termination "Klavdia_Nik won by resignation"]

1. Nf3 e6 2. c4 f5 3. b3 Nf6 4. Bb2 a5 5. Nc3 Be7 6. g3 O-O 7. Bg2 d6 8. d4 Ne4 9. Qc2 Nxc3 10. Bxc3 Nc6 11. e4 e5 12. dxe5 dxe5 13. Nxe5 Nxe5 14.
Bxe5 Bb4+ 15. Bc3 Qf6 16. Rc1 fxe4 17. O-O Bf5 18. Bxf6 e3 19. Qxf5 exf2+ 1-0

[Event "*** Titled Tuesday Blitz"]
[Site "Chess.com"]
[Date "2020.04.14"]
[Round "4"]
[White "zurzan"]
[Black "GreatOwl02"]
[Result "0-1"]
[WhiteElo "1938"]
[BlackElo "2214"]
[TimeControl "180+1"]
[EndTime "10:35:34 PDT"]
[Termination "GreatOwl02 won by resignation"]

1. d4 Nf6 2. Nc3 d5 3. Bf4 a6 4. e3 e6 5. Bd3 c5 6. dxc5 Bxc5 7. Nf3 Nc6 8. O-O O-O 9. a3 Qe7 10. b4 Ba7 11. Ne5 Nxe5 12. Bxe5 Bd7 13. h3 Rac8 14. Qd2 Rfd8 15. Ne2 Ne4 16. Bd4 Nxd2 0-1